Map: Daybreak LE (Void)

Players

LifeNext

  • Race: Terran Terran
  • League: Platinum
  • Spawn Location: 1:00

Amix - Winner!

  • Race: Zerg Zerg
  • League: Platinum
  • Spawn Location: 7:00

VOD

Have the link to the VOD?

Description

Time

  • Played on: Dec. 21, 2016, 9:58 a.m.
  • Length: 6:30
Show
View Real Time Build Order
Export as new Build Order

LifeNext Terran 

Build Orders: Reaper Expand 

Get SALT Encoding   

  12  0:02  SCV  
  13  0:14  SCV  
  13  0:19  Supply Depot  
  14  0:26  SCV  
  15  0:30  Refinery  
  15  0:40  SCV  
  16  0:46  Barracks  
  16  0:53  SCV  
  17  1:06  SCV  
  18  1:18  SCV  
  19  1:33  Orbital Command  
  19  1:34  Reaper  
  20  1:49  Command Center  
  20  2:00  SCV  
  21  2:07  Factory  
  21  2:13  Barracks Reactor  
  21  2:15  SCV  
  22  2:17  Supply Depot  
  22  2:23  Refinery  
  22  2:41  SCV  
  23  2:50  Marine  
  23  2:51  Marine  
  24  2:53  SCV  
  24  2:55  Starport  
  24  2:56  Barracks  
  25  3:05  SCV  
  26  3:09  Orbital Command  
  26  3:13  Marine  
  26  3:16  Widow Mine  
  26  3:17  SCV  
  26  3:19  Marine  
  31  3:29  SCV  
  31  3:30  Marine  
  33  3:37  Marine  
  33  3:40  Medivac  
  33  3:41  SCV  
  37  3:43  Barracks Tech Lab  
  37  3:47  SCV  
  38  3:51  Supply Depot  
  38  3:53  SCV  
  39  3:59  Marine, SCV  
  39  4:00  Factory Tech Lab  
  41  4:03  Stimpack  
  41  4:04  Marine x2  
  41  4:05  SCV  
  44  4:13  SCV  
  44  4:14  Supply Depot  
  44  4:16  Marine  
  46  4:20  Siege Tank  
  46  4:22  Starport Reactor  
  46  4:23  Marine x2  
  51  4:24  SCV  
  51  4:27  SCV  
  53  4:34  Marine  
  53  4:37  SCV, Engineering Bay  
  55  4:39  SCV  
  55  4:41  Marine  
  55  4:42  Marine  
  55  4:44  Supply Depot  
  58  4:49  SCV  
  58  4:52  SCV  
  56  5:01  SCV  
  52  5:07  SCV  
  52  5:08  Marine  
  43  5:27  SCV x2  
  37  5:39  SCV x2  
  30  5:51  SCV x2  
  32  6:00  Supply Depot x2  
  32  6:03  SCV x2  
  34  6:12  Marine x2  
  34  6:15  SCV  
  34  6:17  SCV  
Show
View Real Time Build Order
Export as new Build Order

Amix Zerg - Winner!

Build Orders: Hatch First 

Get SALT Encoding   

  12  0:01  Drone  
  13  0:09  Drone  
  14  0:17  Overlord  
  14  0:25  Extractor  
  14  0:26  Drone  
  16  0:35  Drone x2  
  17  0:55  Hatchery  
  16  0:59  Drone  
  16  1:02  Extractor  
  16  1:03  Drone  
  17  1:18  Spawning Pool  
  16  1:20  Drone  
  16  1:25  Drone  
  18  1:30  Drone  
  19  1:38  Overlord  
  19  1:49  Drone  
  20  2:00  Drone  
  21  2:04  Metabolic Boost  
  21  2:05  Queen  
  23  2:10  Queen  
  23  2:15  Zergling x2  
  26  2:17  Zergling x2  
  26  2:21  Drone  
  28  2:23  Drone  
  28  2:28  Drone  
  30  2:42  Drone x2  
  31  2:54  Queen  
  31  2:55  Pneumatized Carapace  
  31  2:57  Drone x3  
  36  3:00  Overlord  
  36  3:05  Overlord  
  36  3:13  Evolution Chamber  
  36  3:14  Overlord  
  35  3:20  Zergling x2  
  35  3:21  Zergling x4  
  35  3:24  Zergling x2  
  35  3:26  Drone  
  40  3:30  Overlord  
  40  3:35  Overlord  
  40  3:45  Zergling x8  
  44  3:51  Zergling x2  
  45  4:10  Zergling x12  
  51  4:23  Zergling x10  
  56  4:26  Zergling x6  
  56  4:28  Queen  
  61  4:36  Spine Crawler  
  49  5:14  Zergling x16  
  49  5:17  Zergling x2  
  44  5:48  Queen  
  44  5:49  Queen  
  45  5:51  Zergling x12  
  51  6:04  Zergling x4  
  53  6:13  Drone  
  53  6:14  Drone  
Tags
 
Add a new tag
Caveats
  • Supply blocks, unpowered buildings, or Contaminate may cause inaccurate times.
  • Supply counts are checked every 10 seconds.